 Dungeon Crawl Stone Soup version 0.16.1-2-g95b8d4c (webtiles) character file.

181 DogShitOnMyToe the Slasher (level 5, -14/39 HPs)
             Began as a Vampire Berserker on Mar 25, 2015.
             Was a Priest of Trog.
             Demolished by an ogre
             ... wielding a +0 giant club
              (31 damage)
             ... on level 4 of the Dungeon.
             The game lasted 00:06:53 (2694 turns).

DogShitOnMyToe the Slasher (Vampire Berserker)      Turns: 2694, Time: 00:06:53

Health: -14/39     AC:  7    Str: 17    XL:     5   Next: 34%
Magic:  5/5        EV:  7    Int:  9    God:    Trog [***...]
Gold:   123        SH:  7    Dex: 13    Spells: 0 memorised, 4 levels left

rFire  . . .     SeeInvis +     a - +0 falchion
rCold  . . .     Clarity  .     f - +0 scale mail
rNeg   . . .     SustAb   .     h - +0 shield
rPois  .         Gourm    .     (no helmet)
rElec  .         Spirit   .     i - +0 cloak
rCorr  .         Warding  .     (no gloves)
rMut   .         Stasis   .     (no boots)
MR     .....                    j - amulet of regeneration
Stlth  ..........               (no ring)
                                (no ring)

@: regenerating quickly, not resistant to hostile enchantments, extremely
unstealthy
A: bottle blood, fangs 3, see invisible, unbreathing
a: Burn Spellbooks, Berserk, Trog's Hand, Renounce Religion


You were on level 4 of the Dungeon.
You worshipped Trog.
Trog was most pleased with you.
You were very full.

You visited 1 branch of the dungeon, and saw 4 of its levels.

You collected 123 gold pieces.

Inventory:

Hand weapons
 a - a +0 falchion (weapon)
 t - a +3 club
Missiles
 g - 8 poisoned javelins (quivered)
Armour
 f - a +0 scale mail (worn)
 h - a +0 shield (worn)
 i - a +0 cloak (worn)
 p - a +0 chain mail
 s - a +0 helmet
Jewellery
 j - an amulet of regeneration (around neck)
 q - a cursed ring of loudness {unknown}
Scrolls
 b - a scroll of enchant armour {unknown}
 d - 6 scrolls of remove curse {unknown}
 e - 3 scrolls of fog {unknown}
 l - 2 scrolls of teleportation {unknown}
 m - 2 scrolls of identify {unknown}
 v - a scroll of enchant weapon {unknown}
Potions
 c - 2 potions of blood
 k - 3 potions of poison {unknown}
 n - a potion of brilliance {unknown}
 o - a potion of mutation {unknown}
 r - 2 potions of curing {unknown}
 u - a potion of berserk rage {unknown}


   Skills:
 - Level 2.6 Fighting
 + Level 6.1 Long Blades
 - Level 1.5 Armour
 - Level 2.1 Dodging


You had 4 spell levels left.
You didn't know any spells.

Dungeon Overview and Level Annotations

Branches:
Dungeon (4/15)
 Temple: D:4-7

Altars:
Ashenzari
Nemelex Xobeh
Okawaru


Innate Abilities, Weirdness & Mutations

Your natural rate of healing is unusually fast.
You can bottle blood from corpses.
You have razor-sharp teeth.
You have supernaturally acute eyesight.
You can survive without breathing.


Message History

You hit the ogre. Your bite misses the ogre.
The ogre is lightly wounded.
You closely miss the ogre. Your bite misses the ogre.
The ogre is lightly wounded.
You block the ogre's attack.
You hit the ogre.
The ogre is moderately wounded.
The ogre hits you with a giant club.
You hit the ogre.
The ogre is moderately wounded.
The ogre hits you with a giant club!
Your shield prevents you from hitting the ogre.
The ogre is moderately wounded.
The ogre completely misses you. The ogre hits you with a giant club!
You barely miss the ogre.
The ogre is moderately wounded.
The ogre hits you with a giant club!!
Ouch! That really hurt!
You die...

... .... #..#
...# #..# # #..#
... #..#
#..##..#.##...
#..).@O......#
.........##.#...#
.........
........##
.!.......
....#..# ...#..#
..#..# ...


You could see an ogre.

Vanquished Creatures
  An orc priest (D:3)
  Terence (D:3)
  Robin (D:3)
  2 adders
  2 worms (D:3)
  6 giant geckos
  An ooze (D:3)
  4 orcs (D:3)
  5 bats
  5 giant cockroaches
  11 goblins
  17 hobgoblins
  3 jackals (D:3)
  6 kobolds
  4 quokkas
  3 ball pythons
  4 giant newts
  8 rats
84 creatures vanquished.

Notes
Turn   | Place    | Note
--------------------------------------------------------------
     0 | D:1      | DogShitOnMyToe, the Vampire Berserker, began the quest for the Orb.
     0 | D:1      | Reached XP level 1. HP: 17/17 MP: 1/1
   133 | D:1      | Reached XP level 2. HP: 21/23 MP: 2/2
   559 | D:1      | Found a shattered altar of Ashenzari.
   598 | D:1      | Reached skill level 4 in Long Blades
   864 | D:1      | Acquired Trog's second power
  1179 | D:2      | Reached XP level 3. HP: 28/28 MP: 3/3
  2038 | D:3      | Reached XP level 4. HP: 34/34 MP: 4/4
  2046 | D:3      | Reached skill level 5 in Long Blades
  2162 | D:3      | Found a sparkling altar of Nemelex Xobeh.
  2163 | D:3      | Noticed Terence
  2197 | D:3      | Killed Terence
  2258 | D:3      | Found an iron altar of Okawaru.
  2266 | D:3      | Reached XP level 5. HP: 35/39 MP: 5/5
  2341 | D:3      | Noticed Robin
  2369 | D:3      | Killed Robin
  2369 | D:3      | Reached skill level 6 in Long Blades
  2683 | D:4      | Noticed an ogre
  2694 | D:4      | Demolished by an ogre

Action                   |  1- 3 |  4- 6 || total
-------------------------+-------+-------++-------
Melee: Falchion          |   177 |   142 ||   319
Invok: Berserk           |       |     1 ||     1
  Use: Potion            |    13 |     6 ||    19
